Map: Romanticide LE

Players

jamestkirk - Winner!

  • Race: Terran Terran
  • League: Gold
  • Spawn Location: 11:00

Star

  • Race: Terran Terran
  • League: Platinum
  • Spawn Location: 5:00

VOD

Have the link to the VOD?

Description

Time

  • Played on: June 23, 2021, 9:01 a.m.
  • Length: 12:55
Show
View Real Time Build Order
Export as new Build Order

jamestkirk Terran - Winner!

Build Orders:  

Get SALT Encoding   

  12  0:00  SCV  
  13  0:12  SCV  
  14  0:23  Supply Depot  
  14  0:24  SCV  
  15  0:44  SCV  
  15  0:46  Barracks  
  16  0:50  Refinery  
  16  0:56  SCV  
  17  1:08  SCV  
  18  1:20  SCV  
  19  1:33  Marine  
  19  1:35  Orbital Command  
  20  1:43  Command Center  
  20  1:52  Supply Depot  
  20  1:54  Marine  
  21  2:11  SCV  
  22  2:16  Factory  
  22  2:23  SCV  
  22  2:26  Barracks Reactor  
  23  2:35  SCV  
  24  2:47  SCV  
  25  2:59  SCV  
  25  3:00  Orbital Command  
  25  3:01  Factory Tech Lab  
  25  3:02  Barracks  
  25  3:03  Marine x2  
  28  3:11  SCV  
  29  3:15  Supply Depot  
  29  3:20  Siege Tank  
  29  3:23  SCV  
  29  3:24  Marine x2  
  35  3:27  SCV  
  36  3:35  SCV  
  36  3:39  SCV  
  38  3:41  Marine  
  38  3:42  Marine  
  38  3:47  Supply Depot  
  38  3:48  SCV  
  41  3:50  Refinery  
  41  3:52  SCV  
  42  4:00  SCV  
  46  4:04  SCV  
  47  4:13  Barracks Tech Lab  
  47  4:16  Starport  
  44  4:29  Marine x2  
  46  4:37  Stimpack  
  46  4:40  Marine  
  47  4:47  Marine x2, SCV x2  
  47  4:49  Command Center  
  47  4:52  Siege Tank  
  54  4:58  Marine  
  54  4:59  Starport Reactor, SCV x2  
  57  5:08  Refinery  
  57  5:11  SCV x2  
  57  5:12  Refinery  
  57  5:14  Marine x2  
  60  5:16  Marine  
  62  5:35  Marine x2, SCV x2  
  66  5:36  Medivac  
  66  5:38  Supply Depot  
  66  5:40  Supply Depot  
  48  6:03  SCV x2  
  50  6:08  Marine x2  
  50  6:09  Marine  
  50  6:11  Siege Tank  
  56  6:15  SCV, Orbital Command  
  57  6:22  Command Center  
  57  6:26  Marine x3  
  57  6:30  Barracks  
  57  6:32  Barracks  
  60  6:33  Combat Shield  
  60  6:40  Engineering Bay  
  60  6:42  SCV, Orbital Command, Engineering Bay  
  60  6:44  Marine x3  
  64  6:48  SCV  
  65  6:54  SCV  
  65  7:00  SCV  
  67  7:02  Marine x3  
  67  7:07  SCV  
  71  7:09  Missile Turret  
  71  7:12  SCV  
  72  7:18  SCV  
  72  7:19  SCV  
  72  7:20  Marine x3, Barracks  
  77  7:23  Barracks  
  77  7:24  SCV  
  77  7:25  Barracks Reactor x2  
  78  7:30  SCV  
  78  7:31  SCV  
  78  7:36  SCV  
  81  7:43  Marine  
  81  7:44  Marine x2  
  84  7:55  Medivac x2  
  84  7:56  SCV  
  84  7:57  SCV x2  
  91  8:01  Marine x3  
  91  8:02  Command Center  
  94  8:06  Refinery  
  94  8:07  Refinery  
  94  8:08  SCV  
  94  8:09  SCV x2  
  94  8:10  Command Center  
  97  8:18  Terran Infantry Armor Level 1, Terran Infantry Weapons Level 1  
  97  8:19  Marine x3  
  100  8:21  SCV x2  
  100  8:23  Armory  
  102  8:37  Marine  
  102  8:41  Marine x5, Missile Turret  
  103  8:45  Barracks Reactor x2  
  103  8:46  Missile Turret x2  
  108  9:05  Marine  
  108  9:06  Marine x6  
  114  9:10  Supply Depot x2  
  105  9:19  Medivac x2  
  105  9:23  Marine  
  105  9:24  Marine x2  
  110  9:27  Missile Turret  
  110  9:28  Missile Turret  
  110  9:30  SCV x3  
  115  9:42  SCV x3  
  118  9:47  Command Center  
  118  9:54  Marine x2, SCV x3, Barracks  
  118  9:55  Marine x8, Barracks  
  118  9:56  Marine  
  118  9:58  Siege Tank  
  135  10:00  Barracks  
  135  10:02  Barracks  
  125  10:12  Marine x8  
  125  10:13  Marine x3  
  133  10:25  Missile Turret  
  133  10:30  Marine x8  
  133  10:31  Marine x3, Planetary Fortress  
  133  10:34  SCV x3  
  147  10:46  SCV x2  
  147  10:47  SCV  
  150  10:57  Marine  
  150  10:58  Marine x5  
  150  10:59  Marine  
  157  11:12  Command Center  
  157  11:13  Missile Turret  
  157  11:18  Marine x8  
  157  11:19  Marine x3  
  168  11:29  Supply Depot  
  168  11:30  Supply Depot  
  168  11:32  Supply Depot  
  168  11:36  Marine x2  
  170  11:46  Marine x7, Command Center  
  177  11:47  Marine x2  
  177  11:52  Medivac x2  
  177  11:54  Marine x2  
  184  12:04  Marine  
  184  12:07  Marine  
  184  12:08  Marine x7  
  193  12:11  Marine  
  193  12:12  Marine  
  195  12:22  Marine  
  145  12:25  Marine x2  
  145  12:26  Marine x5  
  145  12:27  Marine  
  145  12:29  Marine  
  126  12:30  Marine  
Show
View Real Time Build Order
Export as new Build Order

Star Terran 

Build Orders:  

Get SALT Encoding   

  12  0:01  SCV  
  13  0:13  SCV  
  14  0:22  Supply Depot  
  14  0:25  SCV  
  15  0:30  Refinery  
  15  0:46  Barracks  
  15  0:48  SCV  
  16  0:53  Refinery  
  16  1:00  SCV  
  17  1:12  SCV  
  17  1:14  Supply Depot  
  18  1:24  SCV  
  19  1:36  Barracks Reactor  
  19  1:41  Orbital Command  
  19  1:51  Bunker  
  19  2:01  Factory  
  19  2:14  Marine x2  
  21  2:31  Marine x2  
  23  2:46  Factory Tech Lab  
  23  2:47  Starport  
  23  2:53  Supply Depot  
  23  2:57  Supply Depot  
  23  3:01  Marine x2  
  25  3:06  Siege Tank  
  28  3:25  Starport Reactor  
  28  3:35  Marine x2  
  28  3:38  Siege Tank  
  33  3:53  Marine x2  
  35  3:56  Supply Depot  
  35  4:01  Medivac x2  
  39  4:10  Marine, Siege Tank  
  39  4:11  Marine  
  44  4:28  Marine  
  44  4:29  Marine  
  46  4:42  Siege Tank  
  46  4:44  Viking  
  51  4:47  Viking  
  53  4:55  Engineering Bay  
  53  5:43  Siege Tank  
  40  6:08  Medivac  
  40  6:09  Medivac  
  44  6:12  Marine x2  
  44  6:15  Siege Tank  
  49  6:22  Missile Turret  
  49  6:30  Marine x2  
  51  6:38  Medivac  
  53  6:45  Supply Depot  
  53  6:48  Marine x2  
  55  7:06  Marine x2  
  55  7:07  Siege Tank  
  60  7:09  Supply Depot  
  60  7:24  Marine x2  
  62  7:31  Missile Turret  
  62  7:37  Missile Turret  
  62  7:39  Siege Tank  
  62  7:42  Marine x2  
  67  8:00  Marine x2  
  69  8:11  Siege Tank  
  72  8:18  Marine x2  
  74  8:35  Marine x2  
  76  8:43  Siege Tank  
  73  9:27  Viking x2  
  73  9:31  Marine x2  
  78  9:37  Siege Tank  
  82  9:49  Marine x2  
  84  9:57  Viking x2  
  88  10:06  Marine  
  88  10:07  Marine  
  60  10:24  Marine  
  60  10:27  Siege Tank  
  64  10:28  Marine  
  65  10:42  Marine  
  66  10:46  Marine  
  67  10:59  Siege Tank  
  67  11:00  Marine  
  67  11:02  SCV  
  72  11:04  Marine  
  73  11:14  SCV  
  73  11:18  Marine  
  75  11:22  Marine  
  76  11:26  SCV  
  77  11:38  SCV  
  78  11:43  Siege Tank  
  81  11:50  SCV  
  82  12:16  Siege Tank  
Tags
 
Matchup
TvT
Race
Terran
Spawn Locations
Cross Positions
Add a new tag
Caveats
  • Supply blocks, unpowered buildings, or Contaminate may cause inaccurate times.
  • Supply counts are checked every 10 seconds.